Map: Solaris LE

Players

Obvi - Winner!

  • Race: Zerg Zerg
  • League: Diamond
  • Spawn Location: 7:00

SingleMom

  • Race: Protoss Protoss
  • League: Diamond
  • Spawn Location: 1:00

VOD

Have the link to the VOD?

Description

Time

  • Played on: Jan. 6, 2024, 12:11 p.m.
  • Length: 12:42
Show
View Real Time Build Order
Export as new Build Order

Obvi Zerg - Winner!

Build Orders: Hatch First, Lurkers, Roach Hydra 

Get SALT Encoding   

  12  0:00  Drone  
  13  0:12  Overlord  
  13  0:18  Drone  
  14  0:30  Drone x2  
  16  0:50  Drone  
  16  0:51  Hatchery  
  16  0:53  Drone  
  17  0:58  Drone  
  18  1:08  Extractor  
  17  1:14  Spawning Pool  
  16  1:18  Drone  
  16  1:19  Drone  
  18  1:28  Drone  
  19  1:39  Drone  
  20  1:49  Overlord  
  20  2:02  Queen x2  
  20  2:04  Zergling x2, Drone  
  26  2:13  Drone  
  26  2:14  Drone  
  28  2:17  Metabolic Boost  
  28  2:26  Drone  
  28  2:27  Drone  
  30  2:36  Drone x2  
  32  2:39  Hatchery  
  31  2:47  Queen  
  31  2:49  Overlord  
  33  3:09  Drone x5  
  37  3:15  Zergling x2  
  37  3:19  Drone  
  39  3:25  Drone  
  39  3:26  Drone  
  41  3:28  Overlord  
  41  3:29  Drone x2  
  41  3:32  Extractor  
  41  3:33  Drone  
  41  3:34  Extractor  
  42  3:40  Overlord  
  42  3:43  Drone  
  42  3:46  Queen x2  
  47  3:50  Drone  
  47  3:51  Drone  
  49  3:55  Drone  
  49  3:58  Drone  
  49  3:59  Drone x2  
  53  4:03  Drone x3  
  53  4:04  Drone x3  
  59  4:10  Roach Warren  
  59  4:13  Drone x2, Evolution Chamber  
  59  4:19  Drone  
  59  4:20  Drone  
  61  4:26  Overlord x2  
  61  4:27  Drone  
  61  4:31  Lair  
  62  4:38  Spore Crawler  
  61  4:39  Spore Crawler  
  61  4:40  Drone, Spore Crawler  
  61  4:41  Drone x2  
  62  4:48  Drone x2  
  62  4:49  Drone x3  
  62  4:52  Drone x3  
  70  5:04  Extractor  
  70  5:06  Extractor, Drone x2  
  70  5:08  Zerg Missile Weapons Level 1  
  70  5:10  Overlord x2  
  70  5:13  Drone x3, Extractor  
  73  5:14  Drone x3  
  73  5:15  Drone  
  72  5:30  Drone  
  72  5:31  Drone  
  72  5:32  Drone  
  75  5:37  Overseer  
  75  5:39  Hatchery  
  75  5:42  Hatchery  
  73  5:53  Hydralisk Den  
  73  5:56  Glial Reconstitution  
  73  5:57  Infestation Pit  
  71  5:59  Drone x2  
  71  6:00  Drone  
  71  6:01  Drone  
  71  6:02  Drone x3  
  71  6:03  Overlord x2  
  78  6:04  Roach x2  
  78  6:05  Roach x4  
  78  6:09  Overlord  
  78  6:10  Roach x2  
  92  6:21  Drone x2  
  92  6:23  Grooved Spines  
  93  6:28  Roach x3, Lurker Den  
  93  6:29  Roach x2  
  102  6:45  Drone x3  
  105  6:47  Extractor  
  105  6:48  Extractor  
  103  6:56  Drone  
  103  6:57  Extractor, Drone x8  
  103  6:59  Hive  
  103  7:00  Extractor  
  110  7:06  Drone x2  
  110  7:07  Drone  
  110  7:08  Drone x2  
  115  7:11  Zerg Missile Weapons Level 2  
  115  7:13  Muscular Augments  
  115  7:14  Hydralisk x2  
  119  7:23  Drone x5  
  119  7:24  Overlord  
  119  7:25  Overlord  
  124  7:30  Hydralisk x5  
  134  7:38  Overlord  
  134  7:39  Overlord x4  
  134  7:41  Overlord  
  134  7:46  Drone x5  
  134  7:48  Drone x3  
  134  7:51  Drone x2  
  144  7:53  Evolution Chamber  
  144  7:58  Drone x2, Hydralisk  
  145  7:59  Hydralisk x2  
  145  8:00  Overlord  
  151  8:13  Drone x3  
  151  8:14  Drone x3  
  157  8:20  Spore Crawler  
  157  8:25  Lurker x2  
  157  8:26  Lurker x3  
  157  8:27  Hydralisk x8  
  161  8:33  Ravager  
  178  8:35  Spore Crawler  
  177  8:42  Hydralisk  
  177  8:43  Hydralisk x7  
  177  8:45  Zerg Ground Armor Level 1  
  177  8:46  Adaptive Talons  
  193  8:53  Hydralisk x3  
  199  9:21  Lurker  
  200  9:28  Zerg Missile Weapons Level 3  
  200  9:31  Spine Crawler  
  200  9:32  Spine Crawler  
  200  9:36  Spine Crawler x2  
  196  9:43  Lurker x4  
  196  9:44  Spine Crawler  
  199  9:45  Hatchery  
  199  9:46  Spine Crawler  
  199  9:47  Spine Crawler  
  199  9:48  Spine Crawler  
  195  10:05  Spire  
  184  10:15  Hydralisk x6  
  184  10:16  Hydralisk x8  
  157  10:52  Hydralisk x17  
  184  11:01  Hydralisk x5  
  178  11:18  Hydralisk x7  
  175  11:20  Greater Spire  
  175  11:22  Hydralisk  
  175  11:23  Hydralisk x5  
  197  11:38  Spine Crawler  
  197  11:39  Spore Crawler  
  183  11:40  Spine Crawler  
  183  11:44  Unknown  
  181  11:47  Lurker  
  181  11:48  Lurker x12  
  181  11:50  Hydralisk x3  
Show
View Real Time Build Order
Export as new Build Order

SingleMom Protoss 

Build Orders: 1 Gate Expand, Oracle Opening, Archon Immortal 

Get SALT Encoding   

  12  0:00  Probe  
  13  0:12  Probe  
  14  0:18  Pylon  
  14  0:24  Probe (Chrono Boost)  
  15  0:36  Probe (Chrono Boost)  
  15  0:39  Gateway  
  16  0:45  Probe (Chrono Boost)  
  16  0:47  Assimilator  
  17  0:51  Probe  
  18  1:03  Probe  
  19  1:15  Probe  
  20  1:26  Nexus  
  20  1:35  Cybernetics Core  
  20  1:37  Probe  
  21  1:41  Assimilator  
  21  1:49  Probe  
  21  1:51  Pylon  
  22  2:02  Probe  
  22  2:04  Warp Gate  
  23  2:09  Adept (Chrono Boost)  
  23  2:14  Probe  
  26  2:26  Probe  
  27  2:38  Probe (Chrono Boost)  
  27  2:44  Probe (Chrono Boost)  
  29  2:46  Stargate  
  29  2:47  Probe (Chrono Boost)  
  31  2:51  Probe (Chrono Boost)  
  31  2:55  Probe  
  32  3:02  Probe  
  33  3:07  Probe  
  34  3:14  Probe  
  34  3:19  Probe  
  36  3:26  Probe  
  37  3:28  Oracle (Chrono Boost)  
  37  3:30  Pylon  
  37  3:31  Probe  
  41  3:38  Probe  
  42  3:44  Probe  
  43  3:50  Probe  
  43  3:55  Nexus  
  44  3:56  Pylon, Probe  
  44  3:57  Adept  
  44  4:00  Oracle  
  50  4:05  Probe  
  50  4:07  Assimilator  
  50  4:08  Probe  
  50  4:09  Assimilator  
  52  4:10  Robotics Facility  
  52  4:11  Twilight Council  
  52  4:15  Forge  
  52  4:17  Probe  
  52  4:20  Probe  
  52  4:23  Gateway  
  54  4:29  Probe  
  55  4:32  Probe  
  56  4:41  Probe  
  56  4:44  Charge (Chrono Boost), Protoss Ground Weapons Level 1 (Chrono Boost), Probe  
  58  4:53  Probe  
  58  4:55  Oracle  
  62  5:00  Pylon x2  
  62  5:06  Probe (Chrono Boost), Pylon  
  65  5:12  Probe x2 (Chrono Boost)  
  65  5:16  Probe (Chrono Boost)  
  65  5:20  Probe x2 (Chrono Boost)  
  65  5:21  Probe (Chrono Boost)  
  65  5:24  Immortal  
  70  5:30  Probe x2  
  70  5:31  Robotics Facility  
  70  5:33  Probe  
  73  5:38  Shield Battery  
  73  5:42  Gateway  
  73  5:43  Gateway  
  73  5:46  Gateway, Probe  
  73  5:47  Probe x2  
  76  5:52  Assimilator  
  76  5:56  Assimilator  
  76  5:58  Probe  
  76  6:00  Photon Cannon  
  76  6:02  Photon Cannon, Probe x2  
  79  6:11  Pylon  
  83  6:13  Pylon  
  83  6:14  Probe x3  
  83  6:15  Immortal (Chrono Boost)  
  86  6:25  Immortal (Chrono Boost)  
  86  6:26  Probe  
  86  6:27  Probe  
  86  6:30  Probe  
  93  6:38  Pylon  
  93  6:42  Pylon  
  97  6:47  Immortal  
  97  6:57  Immortal  
  97  6:59  Adept  
  102  7:07  Protoss Ground Weapons Level 2 (Chrono Boost)  
  102  7:11  Nexus  
  102  7:13  Templar Archives  
  102  7:14  Pylon  
  102  7:15  Pylon  
  102  7:18  Assimilator  
  102  7:20  Assimilator  
  102  7:26  Gateway, Immortal  
  102  7:27  Gateway  
  106  7:36  Immortal  
  114  7:42  Void Ray  
  114  7:43  Pylon  
  114  7:44  Photon Cannon  
  114  7:45  Photon Cannon, Pylon  
  114  7:49  Photon Cannon  
  114  7:51  Blink  
  114  7:59  Probe x3  
  114  8:05  Immortal  
  121  8:21  Zealot x2  
  121  8:22  Zealot x4  
  133  8:39  Gateway  
  133  8:41  Gateway, High Templar x3  
  133  8:42  High Templar x4  
  133  8:43  Gateway  
  133  8:45  Pylon  
  147  8:50  Shield Battery x2  
  147  8:51  Gateway, Photon Cannon  
  147  8:53  Gateway x2  
  147  8:54  Gateway, Archon  
  147  8:55  Archon x2  
  147  9:07  Immortal  
  147  9:08  Immortal  
  159  9:14  Void Ray  
  159  9:15  High Templar x4  
  159  9:16  Zealot x2  
  159  9:17  Zealot, Protoss Ground Armor Level 1  
  173  9:20  Archon  
  173  9:21  Archon  
  173  9:35  Zealot  
  175  9:39  Pylon  
  175  9:40  Pylon  
  175  9:42  Zealot x3  
  175  9:43  Zealot x2, Pylon  
  149  10:15  Zealot x2  
  149  10:16  Zealot x12  
  109  10:29  Observer (Chrono Boost)  
  109  10:30  Observer (Chrono Boost)  
  97  10:47  Observer (Chrono Boost)  
  97  10:48  Observer (Chrono Boost)  
  97  10:49  Stalker x9  
  117  10:50  Stalker x5  
  117  10:51  Pylon  
  123  10:57  Observer (Chrono Boost)  
  112  11:18  Zealot x5  
  112  11:19  Zealot x9  
  140  11:32  Gateway  
  140  11:37  Immortal (Chrono Boost)  
  140  11:38  Immortal (Chrono Boost)  
  140  11:52  High Templar x7  
  154  12:08  Archon x3  
  156  12:20  Zealot x5  
Tags
 
Add a new tag
Caveats
  • Supply blocks, unpowered buildings, or Contaminate may cause inaccurate times.
  • Supply counts are checked every 10 seconds.